 Dungeon Crawl Stone Soup version 0.31-a0-1074-g0b22e4e0f1 (webtiles) character file.

Game seed: 1805503742029945419

32 sammy202020 the Trooper (level 3, -4/33 HPs)
             Began as a Minotaur Fighter on Nov 29, 2023.
             Slain by an ogre
             ... wielding a +0 giant spiked club
              (27 damage)
             ... on level 2 of the Dungeon.
             The game lasted 00:01:48 (841 turns).

sammy202020 the Trooper (Minotaur Fighter)           Turns: 841, Time: 00:01:48

Health: -4/33      AC:  7    Str: 20    XL:     3   Next: 8%
Magic:  2/2        EV:  9    Int:  7    God:
Gold:   47         SH:  4    Dex:  9    Spells: 2/2 levels left

rFire   . . .        a - +0 war axe
rCold   . . .        c - +0 buckler
rNeg    . . .        b - +0 scale mail
rPois   .            n - +0 hat
rElec   .            (no cloak)
rCorr   .            (no gloves)
SInv    .            (no boots)
Will    .....        (no amulet) Stlth
                     (no ring)
HPRegen 0.25/turn    (no ring)
MPRegen 0.08/turn

%: no passive effects
@: no status effects
A: horns 2, retaliatory headbutt
a: no special abilities


You were on level 2 of the Dungeon.
You visited 1 branch of the dungeon, and saw 2 of its levels.

You collected 47 gold pieces.

Inventory:

Hand Weapons
 a - a +0 war axe (weapon)
Armour
 b - a +0 scale mail (worn)
 c - a +0 buckler (worn)
 n - a +0 hat (worn)
Potions
 d - a potion of might
 f - a potion of berserk rage
 m - a potion of cancellation


   Skills:
 * Level 4.1 Fighting
 * Level 2.9 Axes
 * Level 4.0 Armour
 + Level 0.7 Dodging
 * Level 4.0 Shields


You had 2 spell levels left.
You didn't know any spells.
Your spell library contained the following spells:

 Spells                   Type           Power      Damage    Failure   Level
 Tukima's Dance           Hex            0%         N/A       99%         3
 Dimensional Bullseye     Hex/Tloc       0%         N/A       100%        4
 Iskenderun's Mystic Bla  Conj/Tloc      0%         2d3       100%        4


Dungeon Overview and Level Annotations

Branches:
Dungeon (2/15)

Altars:


Innate Abilities, Weirdness & Mutations

You have a pair of horns on your head.
You reflexively headbutt those who attack you in melee.


Message History

You barely miss the quokka. The quokka barely misses you.
You furiously retaliate!
You headbutt the quokka.
You kill the quokka!
The quokka bites you.
You slash the quokka!
You kill the quokka!
No target in view!
No target in view!
No target in view!
No target in view!
No target in view!
No target in view!
No target in view!
No target in view!
No target in view!
No target in view!
No target in view!
No target in view!
No target in view!
No target in view!
No target in view!
No target in view!
No target in view!
No target in view!
HP restored.
You pick up a book of Weapons and begin reading...
You add the spells Tukima's Dance, Dimensional Bullseye and Iskenderun's Mystic Blast to your library.
You now have 47 gold pieces (gained 11).
An ogre comes into view. It is wielding a +0 giant spiked club.
The ogre shouts!
An ogre is nearby!
You block the ogre's attack.
You slash the ogre!
The ogre is moderately wounded.
The ogre hits you with a +0 giant spiked club!
You barely miss the ogre.
The ogre is moderately wounded.
The ogre hits you with a +0 giant spiked club!!
Ouch! That really hurt!
You die...

## ### . # #..### .##..
#+# #.##.. .... ##.#
#.##.. ...#
##..#####..##O##...##
##.....†...%.##@.....#.
+...8..<†.8............
##...........#####..♣..
##..#####..## ♣~.. ##.#
#.## ~. #.# #.# . ..#
#.. .## ##. .# ##


You could see an ogre.

Vanquished Creatures
  4 ball pythons (D:1)
  An endoplasm (D:1)
  A giant cockroach (D:1)
  2 goblins (D:1)
  4 hobgoblins
  3 jackals (D:1)
  A kobold (D:1)
  2 quokkas (D:2)
  3 bats (D:1)
  3 frilled lizards (D:1)
  4 rats (D:1)
28 creatures vanquished.

Notes
Turn   | Place    | Note
-------+----------+-------------------------------------------
     0 | D:1      | sammy202020 the Minotaur Fighter began the quest for the
                  | Orb.
     0 | D:1      | Reached XP level 1. HP: 19/19 MP: 0/0
   103 | D:1      | Reached XP level 2. HP: 26/27 MP: 1/1
   815 | D:2      | Reached XP level 3. HP: 33/33 MP: 2/2
   838 | D:2      | Noticed an ogre
   841 | D:2      | Slain by an ogre

Illustrated notes

Levels and vault maps discovered:
D:1:      minmay_arrival_three_doors, layout_loops_cross, minivault_5,
          chequers_garden
D:2:      minmay_diamond_boxcup, layout_basic, serial_bayou,
          serial_bayou_pond_e, serial_bayou_ford_a, serial_bayou_lagoon_a,
          serial_bayou_lake_a, serial_bayou_pond_d,
          hellmonk_ecumenical_altar_heavens_door, grunt_ministairs_15,
          st_stairs_14

Skill      XL: |  1  2 |
---------------+-------+-----
Armour         | 4 |  4.0
Shields        | 4 |  4.0
Fighting       | 4 |  4.1
Axes           | |  2.9
Dodging        | |  0.7

Action                     || total
---------------------------++-------
  Melee: War axe           ||    46
         Headbutt          ||     5
    Use: Potion            ||     5
         Scroll            ||     4
 Armour: Scale mail        ||    43
  Dodge: Dodged            ||    22
  Block: Buckler           ||    10

Table legend: (Time is in decaauts)
 A = Elapsed time spent in this place.
 B = Non-inter-level travel time spent in this place.
 C = Inter-level travel time spent in this place.
 D = Time resting spent in this place.
 E = Time spent auto-exploring this place.
 F = Levels seen in this place.
 G = Mean time per level.
                   A        B        C        D        E       F      G
               +--------+--------+--------+--------+--------+-----+--------+
         Total |    858 |    858 |      0 |      0 |    643 |   2 |  429.0 |
       Dungeon |    858 |    858 |      0 |      0 |    643 |   2 |  429.0 |
               +--------+--------+--------+--------+--------+-----+--------+

Top non-repeatable levels by time:
     D:1: 828 daAuts
     D:2: 30 daAuts
